 Dungeon Crawl Stone Soup version 0.17.1-2-g5865329 (webtiles) character file.

620 seren the Digger (level 7, -8/38 HPs)
             Began as a Gargoyle Earth Elementalist on Jan 28, 2016.
             Mangled by an orc warrior
             ... wielding a +0 glaive
              (18 damage)
             ... on level 5 of the Dungeon.
             The game lasted 00:33:50 (5861 turns).

seren the Digger (Gargoyle Earth Elementalist)      Turns: 5861, Time: 00:33:50

Health: -8/38      AC: 13    Str: 14    XL:     7   Next: 46%
Magic:  7/14       EV: 12    Int: 18    God:
Gold:   168        SH:  0    Dex: 15    Spells: 2 memorised, 12 levels left

rFire  . . .     SeeInvis .     n - +1 mace
rCold  + . .     Clarity  .     w - +2 robe {rN+}
rNeg   + + .     SustAt   .     (no shield)
rPois  ∞         Gourm    .     o - +0 helmet
rElec  +         Spirit   .     (no cloak)
rCorr  .         Warding  .     i - +2 pair of gloves {Str+3}
rMut   .         Stasis   .     B - +0 pair of boots
MR     .....                    (no amulet)
Stlth  ++........               H - +5 ring of dexterity
                                C - ring of protection from cold

@: not resistant to hostile enchantments, unstealthy
A: negative energy resistance 1, electricity resistance, unbreathing,
petrification resistance, rot immunity, AC +4
a: no special abilities


You were on level 5 of the Dungeon.
You were hungry.

You visited 1 branch of the dungeon, and saw 5 of its levels.

You collected 168 gold pieces.

Inventory:

Hand Weapons
 n - a +1 mace (weapon)
 q - a +1 dagger of draining
 x - a +0 quarterstaff
 y - a +2 dagger of venom
 L - a +1 flail of crushing
Missiles
 b - 159 stones (quivered)
Armour
 i - a +2 pair of gloves of strength (worn)
 o - a +0 helmet (worn)
 w - a +2 robe of positive energy (worn)
 B - a +0 pair of boots (worn)
 I - a +0 helmet
Jewellery
 C - a ring of protection from cold (left hand)
 H - a +5 ring of dexterity (right hand)
Wands
 v - a wand of fireball (7)
Scrolls
 a - 2 scrolls of fear {unknown}
 h - a scroll of fog {unknown}
 k - a scroll of blinking {unknown}
 l - 5 scrolls of remove curse
 m - 2 scrolls of teleportation
 p - 2 scrolls of enchant armour {unknown}
 s - a scroll of magic mapping {unknown}
 u - 2 scrolls of noise {unknown}
 F - 2 scrolls of immolation {unknown}
 K - a scroll of identify
Potions
 e - 2 potions of curing {unknown}
 g - a potion of heal wounds {unknown}
 j - a potion of beneficial mutation {unknown}
 r - a potion of ambrosia {unknown}
 t - a potion of mutation {unknown}
 z - a potion of might
 A - 2 potions of invisibility
 D - a potion of berserk rage {unknown}
Books
 c - a book of Geomancy

   Spells                             Type                      Level
   a - Sandblast                      Earth                        1
   b - Stoneskin                      Transmutation/Earth          2
   c - Passwall                       Transmutation/Earth          3
   d - Stone Arrow                    Conjuration/Earth            3
   e - Petrify                        Transmutation/Earth          4
   f - Lee's Rapid Deconstruction     Earth                        5
 J - a book of Summonings

   Spells                             Type                      Level
   a - Recall                         Summoning/Translocation      3
   b - Aura of Abjuration             Summoning                    5
   c - Shadow Creatures               Summoning                    5
   d - Summon Demon                   Summoning                    5
   e - Summon Forest                  Summoning/Translocation      5
   f - Summon Mana Viper              Hexes/Summoning              5
Comestibles
 d - 3 bread rations
 f - 2 meat rations
 E - 2 chunks of flesh
 G - 2 fruits


   Skills:
 + Level 1.4 Fighting
 + Level 1.1 Maces & Flails
 + Level 0.7 Armour
 + Level 2.1 Dodging
 - Level 2.6 Stealth
 * Level 5.1 Spellcasting
 + Level 2.5 Conjurations
   Level 0.7 Transmutations
 + Level 5.9 Earth Magic


You had 12 spell levels left.
You knew the following spells:

 Your Spells              Type           Power        Failure   Level  Hunger
a - Sandblast             Erth           ####..       1%          1    None
b - Stone Arrow           Conj/Erth      ###...       10%         3    ##.....


Dungeon Overview and Level Annotations

Branches:
Dungeon (5/15)
 Temple: D:4-7

Altars:
Cheibriados
Elyvilon
Fedhas
Gozag
Kikubaaqudgha
Okawaru
Trog
Yredelemnul
The Shining One

Annotations:
D:4 Grinder


Innate Abilities, Weirdness & Mutations

You are resistant to torment.
Your stone body is resilient (AC +4).
You are immune to poison.
You resist negative energy.
You are resistant to electric shocks.
You can survive without breathing.
You are immune to petrification.
You are immune to rotting.


Message History

The orc warrior hits you from afar with a glaive!
* * * LOW HITPOINT WARNING * * *
Casting: Sandblast
Confirm with . or Enter, or press ? or * to list all spells.
Aiming: Sandblast
Press: ? - help, Shift-Dir - straight line, f/p - orc wizard
Aim: an orc wizard, wielding a dagger of venom and wearing a robe (moderately wounded)
The blast of sand hits the orc wizard.
The orc wizard is severely wounded.
The orc wizard hits you but does no damage.
The orc wizard hits you but does no damage.
Casting: Sandblast
Confirm with . or Enter, or press ? or * to list all spells.
Aiming: Sandblast
Press: ? - help, Shift-Dir - straight line, f/p - orc wizard
Aim: an orc wizard, wielding a dagger of venom and wearing a robe (severely wounded)
The blast of sand hits the orc wizard.
The orc wizard is almost dead.
The orc warrior hits you from afar with a glaive!!
You die...

### # ######### #.#
#.##########.o.....#######.###
..........[...oo@..'.....>...#
.........###.......#####...<.#
.....###.###.................#
# .....
#o.##.................##.#
.....
##.#########.............)
..... #..# #..........##..
..... ##o# ###.##.........
..... #.. #........##.. .....
##.# #..#.#...##..


You could see an orc warrior, an orc wizard and an orc.

Vanquished Creatures
  An ogre (D:3)
  The ghost of kraktruk the Magician, an amateur DsWz of Vehumet (D:3)
  A scorpion (D:2)
  A giant frog zombie (D:5)
  A jelly (D:4)
  A hound (D:4)
  Jessica (D:2)
  An orc wizard (D:3)
  A centaur skeleton (D:5)
  A worker ant (D:3)
  Robin (D:2)
  7 gnolls
  4 adders
  An adder skeleton (D:4)
  2 oozes
  3 giant geckos
  8 orcs
  8 giant cockroaches
  17 goblins
  12 hobgoblins
  8 kobolds
  2 ball pythons
  9 bats
  6 giant newts
  A jackal skeleton (D:4)
  6 rats
105 creatures vanquished.

Notes
Turn   | Place    | Note
--------------------------------------------------------------
     0 | D:1      | seren the Gargoyle Earth Elementalist began the quest for the Orb.
     0 | D:1      | Reached XP level 1. HP: 10/10 MP: 3/3
   244 | D:1      | Reached XP level 2. HP: 12/15 MP: 1/5
   389 | D:2      | Noticed Robin
   452 | D:1      | Reached skill level 4 in Earth Magic
   708 | D:1      | Reached XP level 3. HP: 19/19 MP: 6/6
  1430 | D:2      | Killed Robin
  1452 | D:2      | Reached XP level 4. HP: 24/24 MP: 2/8
  1633 | D:2      | Found an ancient bone altar of Kikubaaqudgha.
  1634 | D:2      | Found a bloodstained altar of Trog.
  1638 | D:2      | Found an iron altar of Okawaru.
  1639 | D:2      | Found a snail-covered altar of Cheibriados.
  1640 | D:2      | Found a white marble altar of Elyvilon.
  1642 | D:2      | Found an opulent altar of Gozag.
  1644 | D:2      | Found a blossoming altar of Fedhas.
  1945 | D:2      | Noticed Jessica
  1987 | D:2      | Killed Jessica
  2394 | D:2      | Found a basalt altar of Yredelemnul.
  2398 | D:2      | Found a glowing golden altar of the Shining One.
  2400 | D:2      | Noticed an angel
  2409 | D:2      | Noticed a profane servitor
  2718 | D:2      | Learned a level 3 spell: Stone Arrow
  2784 | D:2      | Reached XP level 5. HP: 9/28 MP: 0/10
  3180 | D:3      | Noticed kraktruk's ghost (amateur DsWz)
  3269 | D:3      | Reached skill level 1 in Conjurations
  3594 | D:3      | Killed kraktruk's ghost
  3594 | D:3      | Reached skill level 5 in Earth Magic
  3594 | D:3      | Reached XP level 6. HP: 32/32 MP: 10/12
  4028 | D:4      | Noticed Grinder
  4627 | D:4      | Paralysed by Grinder for 2 turns
  4953 | D:3      | Reached skill level 5 in Spellcasting
  4953 | D:3      | Reached XP level 7. HP: 18/36 MP: 7/14
  5665 | D:4      | Reached skill level 1 in Fighting
  5689 | D:5      | Entered Level 5 of the Dungeon
  5777 | D:5      | Reached skill level 1 in Maces & Flails
  5861 | D:5      | Mangled by an orc warrior

Action                   |  1- 3 |  4- 6 |  7- 9 || total
-------------------------+-------+-------+-------++-------
Melee: Club              |    24 |       |       ||    24
       Unarmed           |     4 |       |       ||     4
       Mace              |    86 |   190 |    48 ||   324
 Cast: Sandblast         |    20 |    69 |    23 ||   112
  Use: Scroll            |       |     9 |       ||     9
       Potion            |       |     1 |       ||     1
 Stab: Sleeping          |     1 |     4 |     1 ||     6
       Distracted        |       |       |     1 ||     1
  Eat: Chunk             |     1 |     7 |     2 ||    10
       Beef jerky        |     1 |       |       ||     1
       Bread ration      |       |     1 |       ||     1
